 Dungeon Crawl Stone Soup version 0.23.2-1-ga50397a (webtiles) character file.

Game seed: 13587851164226770544

109 aefrtyi the Stinger (level 4, 0/24 HPs)
             Began as a Tengu Venom Mage on June 1, 2019.
             Slain by a gnoll
             ... wielding a +0 halberd
              (8 damage)
             ... on level 2 of the Dungeon.
             The game lasted 00:06:22 (1975 turns).

aefrtyi the Stinger (Tengu Venom Mage)              Turns: 1975, Time: 00:06:23

Health: 0/24       AC:  2    Str:  8    XL:     4   Next: 89%
Magic:  7/9        EV: 13    Int: 16    God:
Gold:   43         SH:  0    Dex: 15    Spells: 7/8 levels left

rFire    + . .     SeeInvis .   j - +0 short sword
rCold    . . .     Gourm    .   (no shield)
rNeg     + . .     Faith    .   a - +0 robe
rPois    .         Spirit   .   (helmet restricted)
rElec    .         Reflect  .   (no cloak)
rCorr    .         Harm     .   (no gloves)
MR       .....                  (boots unavailable)
Stlth    ++........             (no amulet)
HPRegen  0.08/turn              g - ring of protection from fire
MPRegen  0.11/turn              k - ring of positive energy

@: no status effects
A: beak, talons 3
a: no special abilities


You were on level 2 of the Dungeon.
You were not hungry.

You visited 1 branch of the dungeon, and saw 2 of its levels.

You collected 43 gold pieces.

Inventory:

Hand Weapons
 j - a +0 short sword (weapon)
Armour
 a - a +0 robe (worn)
Jewellery
 g - a ring of protection from fire (left hand)
 k - a ring of positive energy (right hand)
Scrolls
 b - 3 scrolls of teleportation {unknown}
 d - 6 scrolls of remove curse {unknown}
 e - a scroll of immolation {unknown}
 m - a scroll of fear {unknown}
Potions
 h - a potion of resistance {unknown}
 i - a potion of agility {unknown}
 l - a potion of curing {unknown}
 n - a potion of cancellation {unknown}
Comestibles
 c - 5 rations
 f - a chunk of flesh


   Skills:
 - Level 2.1 Dodging
 + Level 3.1 Stealth
 + Level 2.7 Spellcasting
 + Level 3.1 Conjurations
 + Level 3.7 Poison Magic


You had 7 spell levels left.
You knew the following spells:

 Your Spells              Type           Power        Failure   Level  Hunger
a - Sting                 Conj/Pois      ##..         4%          1    #......

Your spell library contained the following spells:

 Spells                   Type           Power        Failure   Level  Hunger
 Poisonous Vapours        Pois/Air       #.....       13%         2    ##.....
 Mephitic Cloud           Conj/Pois/Air  #.......     22%         3    ###....
 Olgreb's Toxic Radiance  Pois           ##......     38%         4    #####..
 Venom Bolt               Conj/Pois      ##........   78%         5    ######.


Dungeon Overview and Level Annotations

Branches:
Dungeon (2/15)

Altars:


Innate Abilities, Weirdness & Mutations

You have a beak for a mouth.
You have claws for feet.


Message History

Confirm with . or Enter, or press ? or * to list all spells.
Aiming: Sting (safe; 4% risk of failure)
Press: ? - help, Shift-Dir - straight line, f/p - gnoll
Aim: a gnoll, wielding a +0 halberd (lightly wounded)
The sting hits the gnoll.
The gnoll is poisoned.
The gnoll is heavily wounded.
The gnoll hits you from afar with a +0 halberd!
You see here a +0 spear.
You see here a ball python skeleton.
The gnoll looks more healthy.
Casting: Sting (safe; 4% risk of failure)
Confirm with . or Enter, or press ? or * to list all spells.
Aiming: Sting (safe; 4% risk of failure)
Press: ? - help, Shift-Dir - straight line, f/p - gnoll
Aim: a gnoll, wielding a +0 halberd (heavily wounded)
The sting hits the gnoll.
The gnoll is poisoned.
The gnoll is severely wounded.
The gnoll hits you from afar with a +0 halberd.
The gnoll hits you from afar with a +0 halberd!
You die...

######.........#####
....................
########.##.######## # #
#.##.# .. # #.##.#######
... # #..........##...... #
##...>....>......... #
#...........##......
#######.#.......@.##......
........#.........##......
#########........g##.....
.......##............#
######.##.#####......# . #
#.##.#####รท.....# ###. #
#........)..##### #.. #
##......)...######## #.# #
#...................###.###


You could see a gnoll.

Vanquished Creatures
  5 gnolls (D:2)
  An adder (D:2)
  An ooze (D:1)
  4 dart slugs (D:1)
  A ball python (D:2)
  A giant cockroach (D:2)
  2 goblins (D:1)
  7 hobgoblins
  2 jackals (D:1)
  5 kobolds
  A quokka (D:2)
  5 bats
  2 frilled lizards (D:2)
  5 rats
42 creatures vanquished.

Notes
Turn   | Place    | Note
-------+----------+-------------------------------------------
     0 | D:1      | aefrtyi the Tengu Venom Mage began the quest for the Orb.
     0 | D:1      | Reached XP level 1. HP: 10/10 MP: 4/4
   162 | D:1      | Reached XP level 2. HP: 15/15 MP: 1/6
   671 | D:1      | Reached XP level 3. HP: 19/19 MP: 3/7
  1292 | D:2      | Reached XP level 4. HP: 24/24 MP: 1/8
  1975 | D:2      | Slain by a gnoll

Skill      XL: |  1  2  3  4 |
---------------+-------------+-----
Conjurations   | 2 3 |  3.1
Stealth        | 3 |  3.1
Dodging        | |  2.1
Spellcasting   | |  2.7
Poison Magic   | |  3.7

Action                   |  1- 3 |  4- 6 || total
-------------------------+-------+-------++-------
Melee: Unarmed           |     1 |       ||     1
 Cast: Sting             |    60 |    42 ||   102
  Eat: Chunk             |     2 |     2 ||     4
Armor: Robe              |     6 |     3 ||     9
Dodge: Dodged            |     7 |     8 ||    15
